[Event "28th WSCC Open 65 2018"]
[Site "Bled"]
[Date "2018.11.21"]
[Round "4"]
[White "Goncharov, Viktor"]
[Black "Buchal, Stephan"]
[Result "0-1"]
[ECO "B08"]
[WhiteElo "2103"]
[BlackElo "2288"]
[Annotator "Stephan Buchal"]
[PlyCount "40"]
[EventDate "2018.??.??"]
[EventCountry "SLO"]
[Tiebreak "Cut2 Buchholz+Sum of Buchholz"]
[SourceTitle "playchess.com"]
[Source "ChessBase"]
[SourceQuality "1"]
[TimeControl "40/5400+30:1800+30"]

1. d4 g6 2. c4 Bg7 3. Nc3 d6 4. e4 Nf6 5. f3 O-O {91 - 91} 6. Be3 a6 7. Qd2 Nc6
8. Nge2 Na5 {kleine Spezialität - eine Empfehlung von Kuzmin im CBM 161 
(August 2014)} 9. Nc1 Nd7 10. Be2 c5 {80 - 85} 11. O-O cxd4 {Diese Abwicklung
habe ich am Brett gefunden?! Naja ...} 12. Bxd4 Ne5 13. b3 (13. Qd1 Nac6 (13...
Nexc4 14. Bxc4 e5 15. Bxf7+ Rxf7 16. Bf2 Be6 17. Nd5 Bh6) 14. Be3 Na5 $11 (
14... f5 15. f4 Nf7 16. exf5 Bxf5 17. Nb3 Rc8 $13 {Die Engine findet die
weiße Stellung etwas besser})) 13... Nac6 14. Bf2 {Mein Gegner hat den Braten
gerochen. Kuzmin referenziert hier noch die Partie ....} (14. Be3 Qa5 {0-1 (14)
Hambleton,A (2463)-Shabalov,A (2557) Philadelphia 2013}) 14... Qa5 15. Be1 b5
$5 {72 - 56. Weiß steht ziemlich schlecht, aber Schwarz hat noch keinen
klaren Vorteil.} (15... Be6 16. Rb1 f5 17. f4 Nd7 $11) 16. cxb5 $6 (16. Rb1
bxc4 (16... Rb8 17. b4 Qd8 18. cxb5 axb5 19. Bf2 Nc4) 17. f4 Nd7 18. Bxc4 Bb7
19. N1e2 Rac8 20. Rc1 Rfe8 $11) 16... axb5 17. a4 $4 (17. Bxb5 Nd4 18. Be2 $8 (
18. Ba4 Qa7 19. Kh1 Ba6 20. N1e2 Nexf3 21. gxf3 Nxe2 22. Nxe2 Bxe2 23. Qxe2
Bxa1) 18... f5 $36 (18... Be6 $36)) 17... b4 $19 18. Nd5 Nxf3+ 19. Rxf3 Bxa1
20. Nxb4 $2 (20. Bb5 Nd4 21. Bf2 Nxb5 22. Nxe7+ Kg7 (22... Kh8 $4 23. Qh6 $11
Bg7 (23... Be6 24. Nxg6+ fxg6 25. Rxf8+ Rxf8 26. Qxf8+ Bg8 27. axb5 $16) 24.
Nxg6+ Kg8 25. Ne7+ Kh8) 23. Nd5 Bc3 $19) 20... Qc5+ {55 - 42} 0-1

[Event "28th WSCC Open 65 2018"]
[Site "Bled"]
[Date "2018.11.23"]
[Round "6"]
[White "Leskovar, Mario"]
[Black "Buchal, Stephan"]
[Result "1/2-1/2"]
[ECO "A01"]
[WhiteElo "2242"]
[BlackElo "2288"]
[Annotator "Stephan Buchal"]
[PlyCount "30"]
[EventDate "2018.??.??"]
[EventCountry "SLO"]
[Tiebreak "Cut2 Buchholz+Sum of Buchholz"]
[SourceTitle "playchess.com"]
[Source "ChessBase"]
[SourceQuality "1"]
[TimeControl "40/5400+30:1800+30"]

1. b3 {Das hatte ich erwartet und mir mit Stockfishs Hilfe eine Variante
erarbeitet.} e5 2. Bb2 d6 3. e3 g6 4. d4 Bg7 5. dxe5 Nd7 {88-90} 6. Nf3 {
Die Ausgangsstellung meiner Untersuchung. Bisher hatte ich hier nur ..dxe5
oder ..Sexe5 nebst dxe5 gespielt. Stockfish empfiehlt mit dem Läufer auf e5
zu schlagen.} Nxe5 (6... dxe5 7. Nbd2 (7. Bc4 Nh6 {ist ebenfalls kompliziert.})
7... Ne7 8. Nc4 f6 9. h4 b6 10. h5 Bb7 11. hxg6 hxg6 12. Rxh8+ Bxh8 {so
spielte mein Gegner schon vor 26 Jahren gegen den jungen Topalov ... 0-1 (41)
Leskovar,M (2365)-Topalov,V (2460) Zaragoza 1992}) 7. Nxe5 Bxe5 (7... dxe5 {
Das damenlose Mittelspiel ist etwas unbequem für Schwarz.} 8. Qxd8+ Kxd8 9.
Bc4 Nh6 10. O-O $14) 8. Nc3 $1 {vermeidet den Abtausch der Schwarzfelder und
bereitet die langsame Expansion in Zentrum vor, z.B. mit Dd2, 0-0-0, f4 und e4.
} (8. Bxe5 dxe5 9. Qxd8+ Kxd8 {ist dagegen völlig ausgeglichen.}) 8... Bd7 9.
Qd2 f5 10. O-O-O {Wenn Weiß jetzt weiterkommen will, muss er irgendwann f2-f4
spielen. Darauf zeigt Stockfish die nette Idee, einfach die lange Diagonale
aufzugeben und stattdessen den Punkt e4 zu belagern.} Bc6 $2 {81-81 Ich dachte
es ist egal, ob ich erst Lc6 oder Sf6 spiele.} ({Stockfish} 10... Nf6 11. f4
Bxc3 12. Qxc3 Rf8 13. Rg1 Ne4 14. Qe1 Qe7 15. g3 a6 16. Kb1 O-O-O 17. Bc4 Bc6
$11) 11. h4 $2 {Er revanchiert sich.} (11. Bb5 $1 Ne7 12. Bxc6+ Nxc6 13. Nd5
$16) 11... Nf6 12. f4 (12. h5 $5 Nxh5 13. Be2 Nf6 (13... Ng7 $5 $11 {kleine
Änderung des Plans! Bei offener h-Linie ist der Le5 noch nützlich.}) 14. f4
Bxc3 15. Qxc3 Rf8 16. Bf3 Qd7 (16... Bxf3 17. gxf3 Qd7 18. e4 fxe4 19. fxe4
O-O-O 20. e5 Nh5 21. exd6 Nxf4 22. Qc5 $16) 17. Bxc6 bxc6 (17... Qxc6 $2 18.
Qxc6+ bxc6 19. Bxf6 Rxf6 20. Rxh7 $14) 18. Qc4 $44 {etwas unbequenm für
Schwarz?}) 12... Bxc3 13. Qxc3 Rf8 14. Rg1 Qe7 15. Bc4 h5 $2 $11 {63-52. Man
merkt an diesem Zug, dass ich im Grunde meines Herzens mit Remis zufrieden war.
Mein Gegner war mit meinem Remisangebot sofort einverstanden. Es gab hier wohl
eine echte Chance in Vorteil zu kommen:} (15... O-O-O $142 16. g3 Ng4 17. Rde1
Kb8 18. Qa5 b6 19. Qd2 Rfe8 20. a4 Qd7 $15 21. Bd4 Re7 22. Be2 Rde8 23. Bxg4
fxg4 $15) 1/2-1/2

[Event "28th WSCC Open 65 2018"]
[Site "Bled"]
[Date "2018.11.25"]
[Round "7"]
[White "Buchal, Stephan"]
[Black "Frick, Christoph"]
[Result "0-1"]
[ECO "B12"]
[WhiteElo "2288"]
[BlackElo "2186"]
[Annotator "Stephan Buchal"]
[PlyCount "116"]
[EventDate "2018.??.??"]
[EventCountry "SLO"]
[Tiebreak "Cut2 Buchholz+Sum of Buchholz"]
[SourceTitle "playchess.com"]
[Source "ChessBase"]
[SourceQuality "1"]
[TimeControl "40/5400+30:1800+30"]

1. e4 c6 2. d4 d5 3. e5 Bf5 4. Nf3 e6 5. Be2 c5 {92 - 92. Mist! Das spielt er
zum ersten Mal. Ich hatte mich in der Vorbereitung auf ...Sd7 und ..Se7
konzentriert.} 6. c3 ({Insbesondere die komplizierten Bauernraub-Varianten
hatte ich nicht parat, sondern nur eine "ungefähre Vorstellung", was
sicherlich zu wenig ist.} 6. Be3 Qb6 7. Nc3 Nc6 8. O-O Qxb2 9. Nb5 (9. Qe1 {
Dieser Zug ist eine "ruhige" Alternative, Vorschlag von Bologan.} cxd4 10. Bxd4
Nxd4 11. Nxd4 Bb4 12. Ndb5 Ba5 13. Rb1 (13. Na4 Bxe1 14. Nxb2 Ba5 15. c4 {
und Schwarz hat verschiene Wege zum Ausgleich ...Sh6 oder ...0-0-0 oder ...Kf8}
) 13... Qxc2 14. Rc1 Qb2 15. g4 Be4 16. f3 Bg6 17. f4 Be4 18. Rf2 Kf8 (18...
Nh6 19. Bd3 Qb4 20. Rb1 Qc5 21. Nxe4 dxe4 22. Qxa5 O-O 23. Be2 e3 24. Rff1 Rfc8
25. Qe1 Qd5 26. Rb2 f6 27. Qg3 fxe5 28. fxe5 Rf8 29. Rxf8+ Rxf8 30. Qxe3 Nf7
31. Nc3 {1-0 (30) Caruana,F (2801)-Vachier Lagrave,M (2768) Saint Louis 2014
CBM 162 [Postny,E]}) 19. Bd3 $11)) 6... Nc6 7. O-O cxd4 8. Nxd4 Nge7 (8... Nxe5
$4 9. Bb5+ Nd7 10. Nxf5 exf5 11. Re1+ Be7 12. Qxd5 $18) 9. Nxf5 Nxf5 10. Bd3 $1
Bc5 {75 - 79} (10... g6 $5 11. Qe2 Bg7 12. f4) 11. Qe2 $6 {etwas zu
schablonenhaft. Der Be5 musste noch nicht gedeckt werden, dies kann besser der
Sb1 übernehmen.} (11. Nd2 Nxe5 $2 12. Bxf5 exf5 13. Re1 f6 14. Nf3 O-O 15.
Nxe5 fxe5 16. Rxe5 $16) 11... O-O 12. Nd2 Qh4 $6 {Ein aktiver Zug, verbunden
mit einem Remisangebot.} (12... f6 $142 13. Bxf5 exf5 14. exf6 Qxf6 15. Nf3
Rfe8 16. Qb5 Qd6 17. g3 $14) 13. Nf3 (13. Kh1 $5) 13... Qh5 14. Bf4 Rae8 15. h3
$2 {Mir war klar, dass hier noch nicht g4 droht, aber ich wollte die Drohung
"potenziell" in der Stellung halten. Leider war das völlig wirkungslos} (15.
Rae1 $142 f6 16. exf6 Rxf6 17. Ne5 $16) 15... f6 {41 - 61} 16. Rae1 $6 g5 $6 (
16... Nh4 17. Nxh4 Qxh4 18. Qg4 Qxg4 19. hxg4 Nxe5 20. Bxe5 fxe5 21. Rxe5 Rf4
22. Be2 $11) 17. Bh2 g4 18. Nd2 Nh6 19. b4 Bb6 20. b5 $4 {Bis hierhin war das
alles noch ganz o.k.. Aber jetzt begehe ich einen schlimmen Rechenfehler.} ({
Nach} 20. exf6 Rxf6 21. Kh1 $1 $14 {steht Weiß immer noch etwas besser. Z.B.}
Qh4 (21... e5 $2 22. b5 Na5 23. c4 $16) 22. Bg3 Qg5 23. b5 Ne7 24. c4) 20...
Nxe5 {16 - 48 wenig Zeit und schlechte Stellung} 21. Bxe5 fxe5 22. Qxe5 Qxe5
23. Rxe5 {Ich hatte gesehen, dass 23..g3 jetzt an 24.Tg5+ scheitert und nach
23.. Sh7 24.Th5 "stark ist".} Nf7 24. Rh5 g3 $17 {Leider geht das jetzt und
Schwarz steht klar besser!} 25. c4 gxf2+ {13 - 44} 26. Kh1 Be3 $1 {Eine sehr
starke Abwicklung, nach der Christoph schon auf Gewinn steht.} 27. Nf3 dxc4 28.
Bxc4 Nd6 29. Bd3 Nf5 30. Bxf5 Rxf5 {9 - 21} 31. Rxf5 exf5 $19 32. g3 Rc8 33.
Kg2 Rc2 34. Nh4 Rxa2 35. Nxf5 Bc5 {4 - 19} 36. g4 Kf7 37. Rb1 Kf6 38. Rc1 b6
39. Ng3 Ke5 40. Rb1 (40. Rd1 {war hartnäckiger ...} {Stockfish gibt darauf
folgende Gewinnvariante} f1=Q+ 41. Kxf1 Rf2+ 42. Ke1 Rb2 43. Ne2 Rxb5 44. Rd7
a5 45. Rxh7 Rb2 46. g5 Ke4 47. Rd7 Ke3 48. Nc1 Rg2 49. Kd1 Rxg5) 40... a5 {
0 - 13. Die Zeitnot ist geschafft, aber Frick lässt mir keine Chance mehr.}
41. bxa6 Rxa6 42. Rb3 Ra1 43. Nf1 Kd5 44. g5 Ke4 45. Rg3 Kf4 {27 - 31} 46. g6
hxg6 47. Rxg6 b5 48. h4 b4 49. Rf6+ Ke5 50. Rf3 Ra3 {15 - 19} 51. Rf7 Ra7 52.
Rf3 Rg7+ 53. Ng3 Kd5 54. Kf1 Kc4 55. Ke2 b3 {6 - 12} 56. Rf4+ Kb5 57. Ne4 Re7
58. Kd3 Rxe4 0-1

[Event "28th WSCC Open 65 2018"]
[Site "Bled"]
[Date "2018.11.26"]
[Round "8"]
[White "Srebrnic, Vojko"]
[Black "Buchal, Stephan"]
[Result "0-1"]
[ECO "A01"]
[WhiteElo "2140"]
[BlackElo "2288"]
[Annotator "Stephan Buchal"]
[PlyCount "70"]
[EventDate "2018.??.??"]
[EventCountry "SLO"]
[Tiebreak "Cut2 Buchholz+Sum of Buchholz"]
[SourceTitle "playchess.com"]
[Source "ChessBase"]
[SourceQuality "1"]
[TimeControl "40/5400+30:1800+30"]

1. b3 {schon wieder! Wie in Runde 6.} e5 (1... a5 {Jobava-Sulskis hatte ich am
Vorabend in der NIC gelesen und ein bisschen studiert. Aber dann blieb ich
doch in gewohnten Bahnen.}) 2. Bb2 d6 3. e4 {glücklicherweise nicht schon
wieder 3.e3. Dann hätte ich mir was Neues ausdenken müssen ....} Nf6 4. Nc3
c5 {Spontane Entscheidung. Es gefiel mir, den Lb2 vorübergehend kaltzustellen.
Ich meinte, dies schon mal im b3-Anti-Sicilian gesehen zu haben ...
tatsächlich gibt es in meiner Megabase 68 Partien mit dieser Stellung, davon
67 "Sizilianer".} 5. Bb5+ Nbd7 {89-79} 6. a4 g6 7. Nf3 Bg7 8. d3 O-O 9. Bc4 Nb6
10. Nd2 $6 {etwas merkwürdige Entscheidung.} (10. a5 Nxc4 11. dxc4 Nh5 12. h3
Nf4 13. O-O f5 {Das schwarze Gegenspiel sollte den rückständigen Bauern auf
d6 kompensieren.}) 10... Bg4 {51 - 48. Ziemlich viel Zeit für die ersten 10
Züge - offensichtlich fühlten wir uns beide in der Stellung nicht wirklich
"zu Hause".  Ich möchte die "Schwächung" f3 provozieren. Stockfish findet
gleich ...Sh5-f4 stärker. ..d6-d5 war auch eine Überlegung wert.} (10... d5
11. exd5 Nfxd5 12. Nxd5 Nxd5 13. O-O b6 $11) 11. f3 Nxc4 $6 12. Nxc4 $6 ({
Stockfish sieht Weiß nach} 12. dxc4 $1 {in Vorteil. Aber ich denke, Schwarz
hat gutes Gegenspiel. Nach der langen Rochade mit ... a6 und ggfl. ..b5, gegen
die kurze Rochade mit ..f5. Auch das Manöver ..Sf6-d7-b8-c6-d4 kommt infrage.
Das Problem ist "nur" das richtige Timing. Die Stellung ist für beide Seiten
nicht leicht zu spielen .,..} Be6 13. Qe2 a6 14. g4 Nd7 15. h4 Nb8 16. Nd5 Nc6)
12... Be6 13. Ne2 Qc7 14. O-O Nh5 15. g4 Nf6 {29 - 38} 16. Ng3 Nd7 17. Qe2 Rae8
18. Ne3 Nb8 19. c4 $2 {Das ist bestimmt falsch. Noch dazu, nachdem ich mehrere
Möglichkeiten ..d5 zu spielen verschmäht habe.} Nc6 $15 20. Bc3 Nd4 21. Bxd4
cxd4 22. Ng2 (22. Nd5 Bxd5 23. exd5 (23. cxd5 Bh6 $17 {mit großem Vorteil am
Damenflügel}) 23... Bh6 $15) 22... Bh6 $6 (22... Qe7 $142 23. f4 exf4 24. Nxf4
Bd7) 23. Kh1 (23. f4 $142 exf4 24. Nxf4 Bg7 $15) 23... Qe7 24. f4 exf4 25. Nxf4
Qh4 {9 - 14} 26. Nxe6 fxe6 27. Rxf8+ $2 {Ich hatte erwartet, dass Weiß
Entlastung durch Turmtausch sucht. Allerdings war es hier - und auch später -
dringend erforderlich mit e4-e5 die Stellung zu öffnen und dadurch gegenspiel
zu bekommen.} Rxf8 28. Rf1 Rxf1+ 29. Nxf1 Qh3 $17 30. Kg1 $6 ({immer noch} 30.
e5 dxe5 31. b4 Bf4 32. Kg1 $15) 30... Bf4 {5 - 6} 31. Kh1 a5 32. Kg1 e5 $19 {
Jetzt habe ich alle notwendigen und sinnvollen Züge gespielt, um jeden
weißen Widerstand zu unterbinden.} 33. Qd1 Kg7 34. Qe2 Kh6 35. Nd2 Qe3+ 0-1

[Event "28th WSCC Open 65 2018"]
[Site "Bled"]
[Date "2018.11.28"]
[Round "10"]
[White "Rashkovsky, Nukhim N"]
[Black "Buchal, Stephan"]
[Result "1-0"]
[ECO "A49"]
[WhiteElo "2482"]
[BlackElo "2288"]
[Annotator "Stephan Buchal"]
[PlyCount "57"]
[EventDate "2018.??.??"]
[EventCountry "SLO"]
[Tiebreak "Cut2 Buchholz+Sum of Buchholz"]
[SourceTitle "playchess.com"]
[Source "ChessBase"]
[SourceQuality "1"]
[TimeControl "40/5400+30:1800+30"]

1. d4 g6 2. Nf3 Bg7 3. g3 d6 4. Bg2 Nf6 5. O-O O-O {92 - 91} 6. a4 c6 ({
Vielleicht sollte man mal van Kampens Varianten prüfen? Er gibt folgendes an:
} 6... a5 7. Nc3 (7. b3 Nc6 8. Bb2 Ne4 9. Nbd2 f5 10. e3 e5 $13) 7... Nc6 8. d5
(8. Nb5 Nb4 9. c3 Na6 10. Re1 c6 11. Na3 d5 {Weiß hat ein nutzloses (?)
Mehrtempo gewonnen ....}) 8... Nb4 9. e4 e6 10. Bf4 (10. dxe6 Bxe6 11. Nd4 Bc4
12. Re1 Re8) 10... exd5 11. exd5 Bf5) 7. a5 Nbd7 8. c4 {Er wiederholt die
Variante von Radebeul 6 Monate zuvor. Ich hatte kaum damit gerechnet und
außerdem nichts Vernünftiges gefunden ...} Ne4 {Dies war eine Möglichkeit
laut Engine. Schwarz schafft etwas Platz durch Abtausch eines Springers. Aber
der weiße Raumvorteil bleibt unangenehm.} (8... e5 9. Nc3 Re8 10. d5 (10. e3
$5 {sieht unangenehmer aus!}) 10... cxd5 11. cxd5 b6 {1-0 (47) Rashkovsky,N 
(2483)-Buchal,S (2329) Dresden 2018. Das war unbefriedigend, wenn auch nicht
schlecht. Was ich jetzt spiele ist leider noch schlechter.}) 9. Ng5 Nxg5 10.
Bxg5 h6 {83 - 87} 11. Be3 Nf6 12. Nc3 Qc7 13. h3 Bd7 $6 (13... Be6 $142 $14)
14. Qd2 Kh7 15. b4 Rfe8 {76 - 68. Die schwarze Stellung ist bereits
grottenschlecht. Ich kann eigentlich nur abwarten, wie er seinen Raumvorteil
am Damenflügel nutzt (oder auch nicht). Er gibt mir - wie vor einem halben
Jahr - keine Chance mehr.} 16. Rfc1 Rac8 17. b5 cxb5 18. Nxb5 Bxb5 19. cxb5 Qd7
20. b6 (20. a6 $16) 20... axb6 {48 - 33} (20... a6 21. Ra2 Red8 22. Rac2 Ne8
23. d5) 21. axb6 d5 22. Qa5 e6 23. Bf4 Ng8 (23... Ne4 24. Bxe4 dxe4 25. e3 e5
26. Bxe5 Bxe5 27. dxe5 Re7 $16) 24. e3 Rxc1+ (24... Ne7 25. Qb4 Nc6 26. Qd6
Red8 27. Qxd7 Rxd7 28. Bf1 $18) 25. Rxc1 Rc8 {31 - 5} 26. Bc7 Bf8 27. Qa7 Bd6
28. Qxb7 Nf6 29. Bf1 1-0

[Event "28th WSCC Open 65 2018"]
[Site "Bled"]
[Date "2018.11.29"]
[Round "11"]
[White "Buchal, Stephan"]
[Black "Kiefer, Gerhard"]
[Result "1/2-1/2"]
[ECO "A29"]
[WhiteElo "2288"]
[BlackElo "2306"]
[Annotator "Stephan Buchal"]
[PlyCount "29"]
[EventDate "2018.??.??"]
[EventCountry "SLO"]
[Tiebreak "Cut2 Buchholz+Sum of Buchholz"]
[SourceTitle "playchess.com"]
[Source "ChessBase"]
[SourceQuality "1"]
[TimeControl "40/5400+30:1800+30"]

{In der letzten Runde eines langen Turniers waren wir beide nicht mehr sehr
kampfeslustig ...} 1. c4 e5 2. g3 Nf6 3. Bg2 d5 4. cxd5 Nxd5 5. Nc3 Nb6 6. Nf3
Nc6 7. O-O Be7 8. a3 O-O 9. b4 Be6 10. d3 (10. Rb1 {ist die Hauptvariante. Der
Vorteil besteht darin, dass der b-Bauer prophylaktisch gedeckt ist. Er wird
auf b5 etwas anfällig gegen ..Sd6 und ..Ta5. Siehe auch die spektakuläre
Partie Carlsen-Kramnik.} f6 11. d3 a5 12. b5 Nd4 13. Nd2 Qc8 14. e3 Nf5 15. Qc2
Rd8 16. Bb2 a4 17. Rfc1 Nd6 18. Nde4 Ne8 19. Qe2 Bf8 20. f4 exf4 21. gxf4 Qd7
22. d4 c6 23. Nc5 Bxc5 24. dxc5 Nc4 25. Rd1 Qc7 26. Bc1 Na5 27. bxc6 bxc6 28.
Nxa4 Rxd1+ 29. Qxd1 Rd8 30. Qc2 Qf7 31. Nc3 Qh5 32. Ne2 Bf5 33. e4 Bg4 34. Ng3
Qf7 35. Bf1 Be6 36. Qc3 Ra8 37. Rb4 Qd7 38. f5 Bf7 39. Bf4 Qd1 40. Kf2 Nb3 41.
Be2 Qb1 42. Bc4 Rxa3 43. Ne2 {1-0 (43) Carlsen,M (2801)-Kramnik,V (2772)
London 2009 CBM 134 [Carlsen,M]}) (10. b5 $6 Nd4 11. Nxe5 $2 Bb3 {geht gar
nicht}) 10... f6 11. Bb2 a5 12. b5 Nd4 13. Nd2 Qc8 (13... Nd5 $4 {ist ein
bekannter Fehler} 14. Bxd5 Bxd5 15. e3 $16 {mit Figurengewinn}) 14. e3 Nf5 15.
Qc2 (15. Qc2 a4 16. Rac1 Nd6 17. Nde4) 1/2-1/2